AoeStats
← 钓鱼佬

Fortress

508782075Analyzed
4v4 RM · 8d ago on Sep 24, 2026· 50m 3s· 8 players
Game mode
Random Map
Map size
Huge
Population
200
Speed
Normal
Resources
Standard
Victory
Conquest
Starting age
Dark Age
Ending age
Imperial Age
RankedLock teamsTeams togetherTeam positionsShared explorationLock speedFull tech treeHidden civsTurbo modeCheats
Victory
Defeat
🇺🇸 Ethiopians · United States
1757
+9
🇨🇳 Lithuanians · China
1649
+12
🇧🇷 Wu · Brazil
1585
+15
🇩🇴 Byzantines · Dominican Republic
1557
+16
🇨🇳 Khitans · China
1799
-21
🇲🇽 Teutons · Mexico
1546
-12
🇨🇳 Bengalis · China
1514
-11
🇦🇺 Berbers · Australia
1424
-8
洛莉
6:42 Feudal Age
6:52 Feudal Age
8:45 Double-Bit Axe
11:07 Castle Age
8:58 Horse Collar
12:56 Heavy Plow
13:44 Bow Saw
15:22 Loom
17:51 Loom
20:09 Wheelbarrow
22:04 Hand Cart
22:57 Gold Mining
26:14 Imperial Age
24:23 Scale Barding Armor
24:29 Forging
25:35 Bloodlines
25:26 Husbandry
25:55 Chain Barding Armor
26:34 Iron Casting
26:52 Cavalier
27:54 Conscription
29:10 Plate Barding Armor
29:11 Paladin
29:58 Light Cavalry
35:11 Fletching
35:25 Hill Forts
36:03 Hoardings
35:09 Winged Hussar
38:14 Caravan
RD | El_Zapatero22
8:34 Feudal Age
8:52 Feudal Age
9:42 Double-Bit Axe
12:31 Castle Age
10:54 Horse Collar
16:07 Imperial Age
14:41 Bow Saw
18:15 Chemistry
17:55 Gold Mining
18:56 Wheelbarrow
26:15 Loom
29:56 Fletching
31:08 Conscription
31:22 Bodkin Arrow
31:34 Elite Skirmisher
32:48 Bracer
33:29 Ballistics
33:14 Crossbowman
34:07 Padded Archer Armor
35:02 Forging
34:24 Arbalester
37:04 Thumb Ring
39:19 Leather Archer Armor
39:50 Man-at-Arms
41:02 Pikeman
41:44 Squires
42:03 Hand Cart
42:21 Ring Archer Armor
44:37 Halberdier
45:24 Scale Mail Armor
45:35 Forging
46:57 Chain Mail Armor
47:17 Iron Casting
47:26 Iron Casting
46:15 Capped Ram
47:20 Siege Ram
50:21 Plate Mail Armor
SS_Guxta
7:45 Feudal Age
11:23 Castle Age
9:26 Double-Bit Axe
9:38 Horse Collar
12:55 Bow Saw
20:22 Wheelbarrow
21:35 Heavy Plow
21:51 Loom
22:01 Gold Mining
26:19 Imperial Age
24:17 Ballistics
23:48 Fletching
23:45 Crossbowman
24:30 Thumb Ring
24:24 Bodkin Arrow
25:09 Thumb Ring
25:39 Padded Archer Armor
25:36 Stone Mining
26:39 Leather Archer Armor
26:26 Arbalester
27:07 Bracer
28:19 Chemistry
28:39 Gold Shaft Mining
29:05 Two-Man Saw
28:57 Ring Archer Armor
29:10 Town Watch
29:42 Hand Cart
31:34 Torsion Engines
31:59 Conscription
33:31 Caravan
36:16 Capped Ram
38:12 Siege Engineers
38:14 Elite Skirmisher
38:30 Onager
41:15 Siege Onager
44:38 Masonry
49:17 Guilds
50:55 Architecture
SS_T3q
7:03 Feudal Age
11:21 Castle Age
9:25 Double-Bit Axe
9:35 Horse Collar
10:13 Fletching
10:54 Gold Mining
12:12 Bodkin Arrow
15:11 Wheelbarrow
14:22 Loom
15:25 Padded Archer Armor
20:32 Ballistics
23:32 Gold Shaft Mining
22:47 Stone Mining
22:59 Heavy Plow
27:59 Imperial Age
27:10 Wheelbarrow
26:21 Town Watch
28:16 Leather Archer Armor
30:23 Chemistry
29:28 Arson
29:43 Squires
30:13 Conscription
30:39 Bracer
31:11 Bow Saw
31:19 Scale Mail Armor
31:29 Forging
33:09 Chain Mail Armor
33:30 Iron Casting
36:05 Plate Mail Armor
36:36 Blast Furnace
36:24 Caravan
37:20 Elite Skirmisher
39:55 Heavy Scorpion
40:47 Masonry
41:28 Hand Cart
42:18 Two-Man Saw
48:33 Coinage
48:15 Guilds
Yun
7:41 Feudal Age
11:16 Castle Age
9:16 Horse Collar
9:42 Double-Bit Axe
12:27 Bow Saw
18:02 Wheelbarrow
20:21 Town Watch
20:22 Loom
20:56 Scale Barding Armor
21:08 Hand Cart
22:02 Chain Barding Armor
22:08 Bloodlines
22:31 Forging
24:47 Iron Casting
29:06 Imperial Age
28:39 Heavy Plow
29:14 Cavalier
爱种田的太奶
7:29 Feudal Age
11:14 Castle Age
9:40 Double-Bit Axe
10:28 Domestication
12:55 Bow Saw
16:51 Pastoralism
17:39 Loom
17:40 Town Watch
19:14 Wheelbarrow
19:36 Gold Mining
23:50 Imperial Age
21:50 Scale Barding Armor
22:24 Hand Cart
22:24 Forging
23:17 Chain Barding Armor
24:03 Iron Casting
24:16 Husbandry
23:40 Light Cavalry
25:01 Conscription
25:50 Plate Barding Armor
26:41 Capped Ram
29:12 Coinage
30:27 Banking
30:51 Transhumance
31:53 Caravan
33:25 Hussar
39:26 Siege Engineers
39:48 Siege Ram
44:13 Elite Steppe Lancer
Noob ai
8:08 Feudal Age
8:57 Double-Bit Axe
11:41 Castle Age
9:30 Horse Collar
12:35 Heavy Plow
12:45 Bow Saw
14:23 Wheelbarrow
17:49 Loom
18:33 Hand Cart
20:36 Gold Mining
20:40 Stone Mining
24:50 Imperial Age
22:59 Stone Shaft Mining
23:13 Gold Shaft Mining
22:52 Fletching
23:58 Ballistics
23:54 Treadmill Crane
24:47 Town Watch
25:16 Bloodlines
25:06 Husbandry
25:13 Thumb Ring
25:12 Bodkin Arrow
25:56 Kasbah
26:17 Conscription
26:30 Bracer
27:38 Chemistry
26:32 Elite Camel Archer
27:14 Padded Archer Armor
28:14 Leather Archer Armor
29:45 Ring Archer Armor
29:21 Scale Barding Armor
29:49 Heavy Camel Rider
30:40 Forging
31:54 Chain Barding Armor
31:41 Murder Holes
33:26 Hoardings
33:31 Iron Casting
34:13 Plate Barding Armor
34:34 Maghrebi Camels
35:05 Caravan
36:16 Blast Furnace
35:11 Light Cavalry
36:00 Hussar
39:44 Coinage
钓鱼佬
7:41 Feudal Age
7:31 Loom
8:39 Double-Bit Axe
12:03 Castle Age
10:39 Loom
10:51 Horse Collar
13:14 Bow Saw
14:56 Fletching
15:08 Padded Archer Armor
17:57 Wheelbarrow
18:55 Leather Archer Armor
19:31 Forging
19:38 Gold Mining
20:26 Fletching
22:02 Hand Cart
22:25 Husbandry
23:26 Gold Shaft Mining
23:27 Bloodlines
24:26 Iron Casting
27:53 Imperial Age
27:13 Bodkin Arrow
28:45 Bracer
28:12 Elite Elephant Archer
30:44 Ring Archer Armor
31:23 Chemistry
31:26 Paiks
31:44 Ballistics
32:29 Heavy Plow
42:49 Caravan
Connection lost

Rejoining the realm…

Still unreachable

The connection could not be restored.

Session expired

The server has moved on; the page needs a fresh start.